Map: 克哈裂痕

Players

小何

  • Race: Terran Terran
  • Spawn Location: 7:00

Marisa

  • Race: Terran Terran
  • Spawn Location: 7:00

VOD

Have the link to the VOD?

Description

Time

  • Played on: March 10, 2018, 1:17 a.m.
  • Length: 13:40
Show
View Real Time Build Order
Export as new Build Order

小何 Terran 

Build Orders:  

Get SALT Encoding   

  12  0:03  SCV  
  13  0:20  SCV  
  13  0:26  Refinery  
  14  0:37  SCV  
  15  0:45  Refinery  
  15  0:54  SCV  
  16  1:10  SCV  
  16  1:14  Barracks  
  17  1:27  SCV  
  18  2:01  Command Center  
  18  3:00  Elite Marine  
  22  3:10  Defensive Drone  
  22  3:22  SCV  
  22  3:29  Factory  
  23  3:39  SCV  
  24  3:45  Barracks Tech Lab  
  24  3:56  SCV  
  25  4:02  SCV  
  26  4:13  SCV  
  26  4:19  SCV  
  28  4:39  Refinery  
  28  4:43  SCV  
  29  4:50  Refinery  
  29  5:00  SCV  
  29  5:04  Starport  
  29  5:05  Armory  
  30  5:17  SCV  
  31  5:34  SCV  
  32  5:51  SCV  
  33  6:08  SCV  
  34  6:15  Raid Artillery  
  34  6:19  Terran Vehicle and Ship Weapons Level 1  
  34  6:25  Raid Liberator, SCV  
  41  6:34  SCV  
  42  6:45  Smart Servos  
  42  6:51  SCV  
  42  6:58  Raven Type-II  
  45  7:08  SCV  
  46  7:25  SCV  
  47  7:30  Enhanced Manufacturing  
  47  7:35  Defensive Drone  
  46  7:42  SCV  
  47  8:15  Covert Triage  
  47  8:18  Defensive Drone  
  44  8:40  Griffin Airstrike  
  44  8:51  Tactical Airlift  
  44  9:04  Defensive Drone  
  44  9:16  Griffin Airstrike  
  44  9:20  Defensive Drone  
  44  9:33  Terran Vehicle and Ship Weapons Level 2  
  44  9:58  Defensive Drone  
  44  10:02  Griffin Airstrike  
  44  10:37  Defensive Drone  
  44  10:40  Griffin Airstrike  
  44  10:53  Defensive Drone  
  44  11:00  Raid Liberator  
  44  11:07  Raven Type-II  
  52  11:15  Tactical Airlift  
  52  11:33  Griffin Airstrike  
  52  11:42  Instant Regeneration  
  52  11:59  Defensive Drone  
  52  12:15  Railgun Turret x2  
  52  12:16  Railgun Turret  
  52  12:40  Defensive Drone  
  52  12:42  Griffin Airstrike  
  52  12:52  Railgun Turret x2  
  52  12:53  Railgun Turret x2  
  50  13:10  Defensive Drone  
  50  13:13  Instant Regeneration  
  50  13:19  Griffin Airstrike  
Show
View Real Time Build Order
Export as new Build Order

Marisa Terran 

Build Orders:  

Get SALT Encoding   

Tags
 
Commander
NovaRaynor
Matchup
Co-op
Replay Pack
Co-op Speedrun
Add a new tag
Caveats
  • Supply blocks, unpowered buildings, or Contaminate may cause inaccurate times.
  • Supply counts are checked every 10 seconds.